 Dungeon Crawl Stone Soup version 0.29.1-13-g9f3cf754e1 (webtiles) character file.

Game seed: 36427537182352246

760 growler the Insei (level 7, -1/43 HPs)
             Began as an Octopode Transmuter on Jan 20, 2023.
             Slain by Grinder (9 damage)
             ... on level 5 of the Dungeon.
             The game lasted 00:14:17 (5988 turns).

growler the Insei (Octopode Transmuter)             Turns: 5988, Time: 00:14:18

Health: -1/43      AC:  2    Str: 11    XL:     7   Next: 80%
Magic:  11/13      EV: 19    Int: 15    God:
Gold:   205        SH:  0    Dex: 18    Spells: 10/14 levels left

rFire   . . .      SeeInvis .     - Unarmed
rCold   . . .      Faith    .   (shield currently unavailable)
rNeg    . . .      Spirit   .   (helmet currently unavailable)
rPois   x          Reflect  .   (no amulet)
rElec   .          Harm     .   (no ring)
rCorr   .          Rampage  .   (no ring)
Will    .....                   (no ring)
Stlth   ++........              (no ring)
HPRegen 0.14/turn               (no ring)
MPRegen 0.13/turn               (no ring)
                                (no ring)
                                (no ring)

@: spider-form (expiring)
A: venomous fangs, almost no armour, (amphibious), 8 rings, tiny, (camouflage
1), (gelatinous body 1), (nimble swimmer 1), (tentacles)
a: End Transformation


You were on level 5 of the Dungeon.
You were a venomous arachnid creature.
You visited 1 branch of the dungeon, and saw 5 of its levels.

You collected 205 gold pieces.

Inventory:

Missiles
 b - a throwing net
 e - 3 poisoned darts
 i - 5 datura-tipped darts
 j - 3 boomerangs
 l - 3 javelins
Wands
 p - a wand of flame (11)
Scrolls
 c - a scroll of enchant armour {unknown}
 d - a scroll of blinking
 f - a scroll of enchant weapon {unknown}
 g - a scroll of teleportation {unknown}
 k - a scroll of fear
 m - a scroll of immolation
 n - a scroll of poison {unknown}
 s - a scroll of vulnerability {unknown}
 t - a scroll of fog {unknown}
Potions
 a - a potion of lignification
 h - a potion of berserk rage
 o - 2 potions of invisibility
 q - 3 potions of haste
 r - a potion of resistance
 u - 2 potions of cancellation {unknown}


   Skills:
 - Level 1.0 Fighting
 - Level 2.0 Dodging
 * Level 6.7 Unarmed Combat
 - Level 4.0 Spellcasting
 + Level 4.6 Transmutations


You had 10 spell levels left.
You knew the following spells:

 Your Spells              Type           Power      Damage    Failure   Level
a - Beastly Appendage     Tmut           32%        N/A       10%         1
b - Spider Form           Tmut/Pois      9%         N/A       43%         3

Your spell library contained the following spells:

 Spells                   Type           Power      Damage    Failure   Level
 Wereblood                Tmut           16%        N/A       13%         2
 Slow                     Hex            12%        N/A       38%         1
 Confusing Touch          Hex            3%         N/A       69%         3
 Vampiric Draining        Necr           3%         2d6       69%         3
 Ice Form                 Ice/Tmut       9%         N/A       77%         4


Dungeon Overview and Level Annotations

Branches:
Dungeon (5/15)
 Temple: D:4-7

Altars:
Cheibriados
Hepliaklqana
Qazlal
Ru
Vehumet
Xom
Zin

Shops:
D:4 *

Annotations:
D:5 Grinder


Innate Abilities, Weirdness & Mutations

You are a venomous arachnid creature.
You have poisonous fangs.
You are tiny and dextrous.
Your spellcasting is less reliable in this form.
Your armour is entirely melded.
You are incapable of wielding weapons or throwing items.
You cannot wear most types of armour.
((You are amphibious.))
You can wear up to eight rings at the same time.
((Your skin changes colour to match your surroundings (Stealth+).))
((Your rubbery body absorbs attacks. (AC +1, EV +1)))
((You are camouflaged when in or above water. (Stealth+)))
((You have tentacles for arms and can constrict up to eight enemies at once.))


Message History

An orc comes into view. It is wielding a +0 club.
A puff of flame appears from out of thin air!
The puff of flame hits you! Grinder gestures at you.
Pain shoots through your body! Grinder gestures at you.
Pain shoots through your body!
Grinder blinks!
You barely miss something. Something hits you.
Your transformation has ended.
The orc priest calls down the wrath of Beogh upon you.
Something writhes in agony.
Casting: Spider Form (quite dangerous; 22% risk of failure)
Confirm with . or Enter, or press ? or * to list all spells.
The spell is quite dangerous to miscast (22% risk of failure)!
Continue anyway?
You turn into a venomous arachnid creature.
Grinder blinks!
Something hits you.
You barely miss something. Something hits you.
You hit something. Something hits you.
You closely miss something. Something misses you.
The orc priest invokes the aid of Beogh against you.
Beogh smites you!
* * * LOW HITPOINT WARNING * * *
Unknown command.
As you read the scroll of fear, it crumbles to dust.
You assume a fearsome visage.
Grinder looks frightened!
The orc priest looks frightened!
Grinder blinks!
Grinder blinks!
An orc comes into view. It is wielding a +0 hand axe.
Grinder blinks!
Grinder gestures at you.
You struggle to resist.
Grinder blinks!
Your transformation is almost over.
Grinder shouts!
You hit Grinder.
Your attack snaps Grinder out of her fear.
Grinder is almost dead.
Grinder hits you!
You die...

### ###.##
####....########
#.s5............
#.##+##.##.########
#.#...#....#.......
#.#...'..##......#
##.#...#..##......#
##..##+##...+.......
#.........###....####
#.##......'.'........
##.###.....###....###


You could see Grinder.

Vanquished Creatures
  Eustachio (D:4)
  A black bear (D:4)
  A phantom (D:4)
  2 hounds
  A jelly (D:4)
  2 orc priests (D:5)
  Natasha (thrice) (D:3)
  Terence (D:2)
  An orc wizard (D:4)
  4 gnolls (D:5)
  7 adders
  A worm (D:2)
  A dart slug (D:4)
  6 orcs
  4 bats
  9 endoplasms
  3 giant cockroaches (D:2)
  3 goblins
  9 hobgoblins
  2 jackals (D:3)
  3 kobolds
  5 quokkas
  8 ball pythons
  3 frilled lizards
  4 rats
85 creatures vanquished.

Notes
Turn   | Place    | Note
-------+----------+-------------------------------------------
     0 | D:1      | growler the Octopode Transmuter began the quest for the
                  | Orb.
     0 | D:1      | Reached XP level 1. HP: 13/13 MP: 3/3
   335 | D:1      | Reached XP level 2. HP: 8/18 MP: 3/5
  1080 | D:1      | Found a faded altar of an unknown god.
  1210 | D:2      | Reached XP level 3. HP: 22/23 MP: 6/6
  1655 | D:2      | Reached skill level 4 in Unarmed Combat
  1655 | D:2      | Reached XP level 4. HP: 15/28 MP: 4/7
  2011 | D:2      | Noticed Terence
  2028 | D:2      | Learned a level 3 spell: Spider Form
  2047 | D:2      | Killed Terence
  2527 | D:2      | Reached XP level 5. HP: 33/33 MP: 7/9
  2927 | D:3      | Noticed Natasha
  2935 | D:3      | Killed Natasha
  3261 | D:3      | Found a stormy altar of Qazlal.
  3370 | D:3      | Noticed Natasha
  3377 | D:3      | Killed Natasha
  3637 | D:3      | Found a glowing silver altar of Zin.
  3805 | D:3      | Noticed Natasha
  3810 | D:3      | Killed Natasha
  3811 | D:3      | Reached skill level 5 in Unarmed Combat
  3989 | D:4      | Noticed a black bear
  4074 | D:4      | Found a snail-covered altar of Cheibriados.
  4127 | D:4      | Found Cuawonae's Lightly-Used Armoury.
  4147 | D:4      | Reached XP level 6. HP: 32/38 MP: 8/10
  4210 | D:4      | Found a hazy altar of Hepliaklqana.
  4211 | D:4      | Noticed Eustachio
  4222 | D:4      | Found a radiant altar of Vehumet.
  4231 | D:4      | Killed Eustachio
  4593 | D:4      | Reached XP level 7. HP: 29/43 MP: 10/12
  4816 | D:4      | Reached skill level 6 in Unarmed Combat
  4950 | D:4      | Found a sacrificial altar of Ru.
  4950 | D:4      | Found a shimmering altar of Xom.
  5095 | D:5      | Entered Level 5 of the Dungeon
  5264 | D:5      | Noticed a two-headed ogre
  5539 | D:5      | Noticed Grinder
  5577 | D:5      | HP: 2/43 [gnoll/+0 halberd (13)]
  5988 | D:5      | Slain by Grinder

Illustrated notes

Levels and vault maps discovered:
D:1:      saegor_arrival_simple_a, layout_basic,
          shapermc_ecumenical_altar_mp_urbaneastern, minmay_misc_feat_doors,
          minmay_misc_feat_chi
D:2:      layout_loops_ring, lightli_corner_chamber, uniq_terence
D:3:      layout_basic, mainiacjoe_overflow_cross_hatched,
          mainiacjoe_overflow_tiny_flanked, gup_sewer_entry_glass,
          serial_co_window_serial, co_window_corner_a, co_window_paths_a,
          co_window_paths_b, co_window_paths_b, co_window_paths_a,
          co_window_unsneaky_path_e, co_window_corner_ca, co_window_cross_4,
          co_window_paths_e, co_window_4corner_b, glass_columns_c, uniq_natasha
D:4:      layout_rooms, kennysheep_slug_shrine,
          chequers_temple_overflow_statue_of_worship,
          gammafunk_temple_overflow_wave, minmay_shop_damaged, uniq_eustachio
D:5:      layout_basic, enter_ossuary_2, uniq_grinder

Skill      XL: |  1  2  3  4  5  6  7 |
---------------+----------------------+-----
Unarmed Combat | 4 5 6 |  6.7
Transmutations | 3 4 |  4.6
Spellcasting   | 3 4 |  4.0
Fighting       | |  1.0
Dodging        | |  2.0

Action                   |  1- 3 |  4- 6 |  7- 9 || total
-------------------------+-------+-------+-------++-------
Melee: Unarmed           |    62 |    98 |    59 ||   219
       Constrict         |    16 |    21 |     5 ||    42
       Tentacles         |    15 |    19 |     7 ||    41
       Kick              |     7 |    20 |    13 ||    40
       Punch             |     3 |     3 |       ||     6
 Cast: Beastly Appendage |    10 |    14 |     5 ||    29
       Spider Form       |       |     2 |     4 ||     6
Evoke: Wand              |       |       |     3 ||     3
  Use: Scroll            |       |     4 |     3 ||     7
 Stab: Sleeping          |     6 |     6 |     1 ||    13
Armor: Skin              |     1 |     1 |       ||     2
Dodge: Dodged            |    25 |    41 |    42 ||   108
